 Dungeon Crawl Stone Soup version 0.20.0-7-g3b7b877 (webtiles) character file.

67339 Lexie the Arsonist (level 15, -7/102 HPs)
             Began as an Octopode Fire Elementalist on May 29, 2017.
             Was a High Priest of Vehumet.
             Mangled by an orc warrior
             ... wielding a +0 glaive
              (13 damage)
             ... on level 2 of the Orcish Mines.
             The game lasted 01:12:06 (33988 turns).

Lexie the Arsonist (Octopode Fire Elementalist)    Turns: 33988, Time: 01:12:07

Health: -7/102     AC:  2    Str:  7    XL:     15   Next: 22%
Magic:  12/31      EV: 19    Int: 28    God:    Vehumet [*****.]
Gold:   2349       SH: 10    Dex: 16    Spells: 5/38 levels left

rFire    + + .     SeeInvis .   a - +8 whip "Snakebite" {curare, rPois}
rCold    + . .     Gourm    .   m - +0 buckler
rNeg     . . .     Faith    .   D - +1 hat {Int+3}
rPois    +         Spirit   .   W - +5 amulet of reflection
rElec    .         Reflect  +   c - ring of protection from magic
rCorr    .         Harm     .   e - ring of protection from magic
MR       +++..                  v - ring of wizardry
Stlth    +++.......             x - +2 ring of dexterity
Regen    0.3/turn               z - +3 ring of slaying
MPRegen  0.3/turn               F - +2 ring of intelligence
                                (no ring)
                                R - ring "Qow Zais" {rF++ rC+}

@: drained
A: almost no armour, stealthy swim, amphibious, 8 rings, constrict 8, camouflage
1, gelatinous body 1
a: Renounce Religion


You were on level 2 of the Orcish Mines.
You worshipped Vehumet.
Vehumet was extremely pleased with you.
You were hungry.

You visited 3 branches of the dungeon, and saw 19 of its levels.

You collected 2382 gold pieces.
You spent 33 gold pieces at shops.

Inventory:

Hand Weapons
 a - the +8 whip "Snakebite" (weapon) {curare, rPois}
   (You found it on level 5 of the Lair of Beasts)

   It poisons the flesh of those it strikes.
   It protects you from poison.
 E - a +2 dagger of draining
Armour
 m - a +0 buckler (worn)
 D - a +1 hat of intelligence (worn)
Magical Staves
 y - an uncursed staff of power
Jewellery
 c - a ring of protection from magic (left tentacle)
 e - a ring of protection from magic (right tentacle)
 v - a ring of wizardry (on tentacle)
 x - a +2 ring of dexterity (on tentacle)
 z - a +3 ring of slaying (on tentacle)
 F - a +2 ring of intelligence (on tentacle)
 G - an uncursed ring of flight
 R - the ring "Qow Zais" (on tentacle) {rF++ rC+}
   (You found it on level 8 of the Dungeon)

   [ring of protection from cold]

   It greatly protects you from fire.
   It protects you from cold.
 S - an uncursed ring of resist corrosion
 W - a +5 amulet of reflection (around mantle)
Wands
 O - a wand of confusion (14/48)
 Q - a wand of digging (22/24)
 T - a wand of acid (7/15)
 V - a wand of flame (30/48)
Scrolls
 f - 5 scrolls of recharging
 h - 7 scrolls of amnesia
 j - 10 scrolls of magic mapping
 k - 3 scrolls of identify
 l - 7 scrolls of teleportation
 u - 8 scrolls of remove curse
 M - 2 scrolls of fog
 X - 2 scrolls of enchant weapon
Potions
 d - 5 potions of ambrosia
 g - 3 potions of might
 p - 5 potions of curing
 q - 2 potions of resistance
 r - 3 potions of flight
 t - 3 potions of brilliance
 w - 2 potions of heal wounds
 B - a potion of mutation
 C - 2 potions of berserk rage
 J - 4 potions of haste
 K - a potion of magic
 N - 7 potions of agility
 P - 4 potions of lignification
Books
 i - Erailir's Incunabulum of Sinister Arts
   (You found it on level 5 of the Lair of Beasts)

   Spells                             Type                      Level
   a - Pain                           Necromancy                   1
   b - Animate Dead                   Necromancy                   4
   c - Excruciating Wounds            Charms/Necromancy            5
   d - Death Channel                  Necromancy                   6
 A - a book of Power

   Spells                             Type                      Level
   a - Iskenderun's Battlesphere      Conjuration/Charms           5
   b - Venom Bolt                     Conjuration/Poison           5
   c - Bolt of Magma                  Conjuration/Fire/Earth       5
   d - Iron Shot                      Conjuration/Earth            6
   e - Orb of Destruction             Conjuration                  7
   f - Spellforged Servitor           Conjuration/Summoning        7
 H - a book of Ice

   Spells                             Type                      Level
   a - Ice Form                       Ice/Transmutation            4
   b - Metabolic Englaciation         Hexes/Ice                    5
   c - Ozocubu's Refrigeration        Ice                          6
   d - Bolt of Cold                   Conjuration/Ice              6
   e - Freezing Cloud                 Conjuration/Ice/Air          6
   f - Simulacrum                     Ice/Necromancy               6
 I - a book of the Earth

   Spells                             Type                      Level
   a - Leda's Liquefaction            Hexes/Earth                  4
   b - Bolt of Magma                  Conjuration/Fire/Earth       5
   c - Statue Form                    Transmutation/Earth          6
   d - Iron Shot                      Conjuration/Earth            6
   e - Shatter                        Earth                        9
Comestibles
 b - 20 bread rations
 n - 8 royal jellies
 o - 13 fruits
 s - a meat ration


   Skills:
 + Level 9.5(8.6) Fighting
 + Level 9.9(8.9) Dodging
 - Level 2.6(1.8) Stealth
 - Level 4.6(3.7) Shields
 + Level 12.2(11.2) Spellcasting
 + Level 12.8(11.8) Conjurations
 + Level 13.1(12.1) Fire Magic


You had 5 spell levels left.
You knew the following spells:

 Your Spells              Type           Power        Failure   Level  Hunger
a - Flame Tongue          Conj/Fire      #####        1%          1    None
b - Throw Flame           Conj/Fire      ######       1%          2    None
c - Conjure Flame         Conj/Fire      ######..     1%          3    None
d - Sticky Flame          Conj/Fire      ######..     1%          4    None
e - Fireball              Conj/Fire      ######....   1%          5    ###....
f - Iskenderun's Battles  Conj/Chrm      #####...     1%          5    ###....
g - Orb of Destruction    Conj           ######....   2%          7    ######.
h - Bolt of Cold          Conj/Ice       #####.....   5%          6    #####..


Dungeon Overview and Level Annotations

Branches:
Dungeon (11/15)            Temple (0/1) D:7            Lair (6/6) D:9
  Swamp (0/4) Lair:4       Spider (0/4) Lair:4        Slime (0/5) Lair:5
    Orc (2/2) D:9
    Elf: Orc:2

Altars:
Ashenzari
Cheibriados
Elyvilon
Fedhas
Kikubaaqudgha
Makhleb
Ru
Sif Muna
Trog
Uskayaw
Vehumet
Yredelemnul
The Shining One
Beogh

Shops:
D:5 *(*   Orc:2 :%!

Portals:
Labyrinth: D:11

Annotations:
D:10 Urug
Lair:4 Sonja


Innate Abilities, Weirdness & Mutations

You cannot wear most types of armour.
You are very stealthy in the water. (Stealth+)
You are amphibious.
You can wear up to eight rings at the same time.
You can use your tentacles to constrict eight enemies at once.
Your skin changes colour to match your surroundings (Stealth+).
Your rubbery body absorbs attacks. (AC +1, EV +1)


Message History

An orc comes into view. It is wielding a whip.
There is an open door, spattered with blood here.
The orc shouts!
You whack the orc warrior!
The orc warrior is poisoned.
You grab the orc warrior. You squeeze the orc warrior.
The orc warrior is heavily wounded.
You constrict the orc warrior, but do no damage.
The orc warrior hits you with a glaive!!
* * * LOW HITPOINT WARNING * * *
Casting: Fireball
Confirm with . or Enter, or press ? or * to list all spells.
Aiming: Sticky Flame
Press: ? - help, Shift-Dir - straight line, f - orc warrior
Aim: an orc warrior, wielding a glaive and wearing a chain mail (heavily wounded, constricted by you, poisoned)
The sticky flame hits the orc warrior.
The orc warrior is severely wounded.
The orc warrior is covered in liquid flames!
You constrict the orc warrior.
The orc warrior burns!
The orc warrior hits you with a glaive!
You die...

.......###......).......##....).)
.........###...........#.......).
...##......##..)))..........#...)
..####..........o............#...
.## ###.....................###.
## #####...)..........##..###
#########...#####..####..## #...#
#8o8# #### #.#### #.[. ##@##
###.##. #+###'###+###.###+#
###.##...
#.........#.o.....####..##....
######....#o##+##.##.#..##....
#).#....#[# #.###....#....
#..'..o...# #.# #....#....
#..#o####.#####.####.#..)...
####.#..#..........###..)...
####.)).#.....####.####.....


You could see an orc sorcerer, 2 orc warriors and an orc.

Vanquished Creatures
  Gastronok (Lair:2)
  An orc warlord (Orc:2)
  A dire elephant (Lair:6)
  The ghost of Chiseanne the Envoy of Void, a journeyman DDAK of Lugonu (Lair:1)
  12 hydras
  Erolcha (Orc:1)
  Erica (Orc:1)
  A catoblepas (Lair:2)
  3 death yaks (Lair:6)
  7 two-headed ogres
  2 lindwurms (Lair:6)
  5 orc knights (Orc:2)
  An orc sorcerer (Orc:2)
  An ugly thing (D:9)
  9 black mambas
  The ghost of Rim the Cleaver, a novice OpFi of Hepliaklqana (D:5)
  9 elephants
  4 komodo dragons
  4 rime drakes
  8 spiny frogs
  A jumping spider (Lair:4)
  8 trolls
  8 dream sheep (Lair:6)
  7 hippogriffs
  35 blink frogs
  A wraith (D:10)
  23 yaks
  2 wyverns (Lair:6)
  4 basilisks
  A spriggan (D:10)
  2 steam dragons (Lair:6)
  2 hungry ghosts (D:9)
  4 wargs
  3 acid dragons (Lair:6)
  23 orc warriors
  11 porcupines
  17 water moccasins
  A swamp drake (Lair:6)
  3 sky beasts
  An eye of draining (D:10)
  3 ice beasts
  4 phantoms
  2 black bears
  16 ogres
  8 wolves
  The ghost of Welfe the Vandal, an amateur CeEn (D:3)
  6 centaurs
  14 crocodiles
  Blork the orc (D:5)
  24 bullfrogs
  4 scorpions
  A wight (D:9)
  2 howler monkeys
  A centaur zombie (D:8)
  2 crimson imps
  2 bullfrog zombies (D:9)
  A quasit (D:8)
  17 orc priests
  2 bullfrog skeletons
  2 hounds
  7 jellies
  9 orc wizards
  2 centaur skeletons
  11 iguanas
  6 worker ants
  A hound skeleton (D:4)
  A worker ant zombie (D:8)
  12 gnolls
  20 adders
  9 river rats (D:6)
  2 shadow imps
  4 oozes
  2 adder skeletons
  2 worms
  2 dart slugs (D:1)
  7 leopard geckos
  84 orcs
  3 ball pythons
  4 giant cockroaches
  8 goblins
  14 hobgoblins
  24 jackals
  10 quokkas
  9 bats
  6 frilled lizards
  10 kobolds
  A leopard gecko skeleton (D:8)
  A quokka skeleton (D:6)
  26 rats
  A bush (Lair:5)
  2 plants
643 creatures vanquished.

Vanquished Creatures (others)
  Nessos (Lair:6)
  2 bushes (Lair:6)
  17 fungi
  41 plants
61 creatures vanquished.

Grand Total: 704 creatures vanquished

Notes
Turn   | Place    | Note
-------+----------+-------------------------------------------
     0 | D:1      | Lexie the Octopode Fire Elementalist began the quest for the Orb.
     0 | D:1      | Reached XP level 1. HP: 11/11 MP: 3/3
    57 | D:1      | Reached XP level 2. HP: 4/17 MP: 0/5
   877 | D:1      | Reached XP level 3. HP: 13/21 MP: 3/6
  1900 | D:2      | Found an ancient bone altar of Kikubaaqudgha.
  1977 | D:2      | Learned a level 2 spell: Throw Flame
  1979 | D:2      | Reached XP level 4. HP: 27/27 MP: 4/8
  2141 | D:2      | Learned a level 3 spell: Conjure Flame
  2483 | D:2      | Found a glowing golden altar of the Shining One.
  2488 | D:2      | Found a shattered altar of Ashenzari.
  2957 | D:3      | Reached XP level 5. HP: 30/31 MP: 5/9
  2969 | D:3      | Reached skill level 4 in Fire Magic
  3280 | D:3      | Noticed Welfe's ghost (amateur CeEn)
  3291 | D:3      | Killed Welfe's ghost
  3291 | D:3      | Reached XP level 6. HP: 29/36 MP: 0/11
  4802 | D:3      | Reached XP level 7. HP: 41/41 MP: 7/13
  4951 | D:4      | Reached skill level 5 in Fire Magic
  5098 | D:4      | Found a hide-covered altar of Uskayaw.
  5264 | D:3      | Learned a level 4 spell: Sticky Flame
  5816 | D:5      | Entered Level 5 of the Dungeon
  5893 | D:5      | Found Tyfoij's Assorted Antiques.
  6054 | D:5      | Noticed Rim's ghost (novice OpFi)
  6087 | D:5      | Found Vujytaar's Antique Weapon Boutique.
  6204 | D:5      | Found Akheoc's General Store.
  6221 | D:5      | Bought a scroll of teleportation for 33 gold pieces
  6260 | D:5      | Learned a level 5 spell: Fireball
  6279 | D:5      | Reached skill level 5 in Spellcasting
  6509 | D:5      | Noticed Blork the orc
  6516 | D:5      | Killed Blork the orc
  6516 | D:5      | Reached skill level 5 in Conjurations
  6516 | D:5      | Reached XP level 8. HP: 35/46 MP: 2/15
  6768 | D:5      | Killed Rim's ghost
  6768 | D:5      | Reached skill level 6 in Fire Magic
  7344 | D:6      | Found a basalt altar of Yredelemnul.
  7567 | D:6      | Found a blossoming altar of Fedhas.
  7611 | D:6      | Found a white marble altar of Elyvilon.
  7987 | D:6      | Found a radiant altar of Vehumet.
  7992 | D:6      | Became a worshipper of Vehumet
  8098 | D:6      | Reached skill level 7 in Fire Magic
  8098 | D:6      | Reached XP level 9. HP: 23/51 MP: 4/18
  8461 | D:6      | Reached * piety under Vehumet
  8461 | D:6      | Offered knowledge of Magic Dart by Vehumet.
  9333 | D:7      | Offered knowledge of Freeze by Vehumet.
  9712 | D:7      | Found a staircase to the Ecumenical Temple.
  9745 | D:7      | Reached ** piety under Vehumet
  9745 | D:7      | Reached skill level 8 in Fire Magic
 10138 | D:8      | Found a burning altar of Makhleb.
 10138 | D:8      | Found a bloodstained altar of Trog.
 10140 | D:8      | Found a snail-covered altar of Cheibriados.
 10140 | D:8      | Found a sacrificial altar of Ru.
 11051 | D:8      | Got a twitching lead ring
 11061 | D:8      | Identified the ring "Qow Zais" {rF++ rC+} (You found it on level 8 of the Dungeon)
 11182 | D:8      | Reached XP level 10. HP: 56/56 MP: 10/21
 11257 | D:8      | Offered knowledge of Static Discharge by Vehumet.
 11994 | D:9      | Reached *** piety under Vehumet
 11994 | D:9      | Reached skill level 9 in Fire Magic
 12198 | D:9      | Noticed a two-headed ogre
 12203 | D:9      | Killed a two-headed ogre
 12363 | D:9      | Found a staircase to the Orcish Mines.
 12507 | D:9      | Offered knowledge of Force Lance by Vehumet.
 12880 | D:9      | Found a staircase to the Lair.
 13396 | D:9      | Noticed a purple ugly thing
 13522 | D:9      | Found a deep blue altar of Sif Muna.
 13724 | D:9      | Killed a purple ugly thing
 13724 | D:9      | Reached skill level 1 in Fighting
 13993 | D:9      | Noticed a two-headed ogre
 14010 | D:9      | Killed a two-headed ogre
 14010 | D:9      | Reached skill level 1 in Shields
 14010 | D:9      | Reached skill level 10 in Fire Magic
 14010 | D:9      | Reached XP level 11. HP: 64/64 MP: 7/24
 14705 | D:10     | Entered Level 10 of the Dungeon
 14712 | D:10     | Reached **** piety under Vehumet
 14925 | D:10     | Noticed a seven-headed hydra
 15357 | D:10     | Killed a seven-headed hydra
 16093 | D:11     | Noticed a seven-headed hydra
 16100 | D:11     | Killed a seven-headed hydra
 16225 | D:11     | Found a labyrinth entrance.
 16234 | D:11     | Noticed a seven-headed hydra
 16260 | D:10     | Noticed Urug
 16307 | Lair:1   | Entered Level 1 of the Lair of Beasts
 16439 | Lair:1   | Noticed a four-headed hydra
 16599 | Lair:1   | Noticed Chiseanne's ghost (journeyman DDAK)
 16772 | Lair:2   | Noticed a catoblepas
 16789 | Lair:2   | Killed a catoblepas
 16815 | Lair:2   | Offered knowledge of Lightning Bolt by Vehumet.
 17035 | Lair:2   | Reached skill level 10 in Conjurations
 17042 | Lair:2   | Reached XP level 12. HP: 49/74 MP: 8/25
 17431 | Lair:2   | Reached skill level 5 in Dodging
 17870 | Lair:2   | Noticed Gastronok
 18573 | Lair:1   | Reached skill level 10 in Spellcasting
 18638 | Lair:1   | HP: 1/76 [Chiseanne's ghost (17)]
 19008 | Lair:1   | Reached skill level 5 in Fighting
 19011 | Lair:1   | Reached skill level 11 in Fire Magic
 19426 | Lair:3   | Noticed a four-headed hydra
 19435 | Lair:3   | Killed a four-headed hydra
 20447 | Lair:4   | Found a hole to the Spider Nest.
 20854 | Lair:4   | Noticed Sonja
 21008 | Lair:4   | Noticed a five-headed hydra
 21020 | Lair:4   | Killed a five-headed hydra
 21085 | Lair:4   | Reached XP level 13. HP: 58/83 MP: 10/27
 21287 | Lair:4   | Found a staircase to the Swamp.
 21873 | Lair:5   | Found a staircase to the Slime Pits.
 21927 | Lair:5   | Identified Erailir's Incunabulum of Sinister Arts
 22221 | Lair:5   | Reached ***** piety under Vehumet
 22425 | Lair:5   | Offered knowledge of Bolt of Draining by Vehumet.
 22883 | Lair:5   | You fall through a shaft!
 22883 | Lair:6   | Entered Level 6 of the Lair of Beasts
 23166 | Lair:6   | Found a shattered altar of Ashenzari.
 23587 | Lair:6   | Noticed Nessos
 23590 | Lair:6   | Killed Nessos
 24386 | Lair:6   | Noticed a dire elephant
 24423 | Lair:6   | Reached skill level 12 in Fire Magic
 25055 | Lair:6   | Noticed a fire dragon
 26171 | Lair:6   | Reached XP level 14. HP: 54/93 MP: 5/29
 27351 | Lair:6   | Killed a dire elephant
 28861 | Lair:2   | Killed Gastronok
 29618 | Lair:2   | Learned a level 5 spell: Iskenderun's Battlesphere
 29626 | Lair:2   | Learned a level 7 spell: Orb of Destruction
 29633 | Lair:2   | Learned a level 6 spell: Bolt of Cold
 29756 | Lair:1   | You fall through a shaft!
 29834 | Lair:1   | Offered knowledge of Bolt of Fire by Vehumet.
 29997 | Lair:1   | Killed Chiseanne's ghost
 30468 | Orc:1    | Entered Level 1 of the Orcish Mines
 30511 | Orc:1    | Noticed Erolcha
 30514 | Orc:1    | Killed Erolcha
 30520 | Orc:1    | Noticed Erica
 30525 | Orc:1    | Killed Erica
 30762 | Orc:1    | Noticed an orc warlord
 31219 | Orc:2    | Entered Level 2 of the Orcish Mines
 32023 | Orc:2    | Reached skill level 13 in Fire Magic
 32258 | Orc:2    | Reached XP level 15. HP: 97/101 MP: 28/31
 32925 | Orc:2    | Found Losuf's Distillery.
 32936 | Orc:2    | Found Raimuhek's Food Boutique.
 33063 | Orc:2    | Found a roughly hewn altar of Beogh.
 33064 | Orc:2    | Noticed an orc warlord
 33114 | Orc:2    | Killed an orc warlord
 33346 | Orc:2    | Offered knowledge of Poison Arrow by Vehumet.
 33693 | Orc:2    | Noticed an orc warlord
 33945 | Orc:2    | Found Xanaghie's Book Shoppe.
 33988 | Orc:2    | Mangled by an orc warrior

Skill      XL: |  1  2  3  4  5  6  7  8  9 10 11 12 13 14 |
---------------+-------------------------------------------+-----
Conjurations   | 2 3 4 5 6 7 9 10 11 12 | 12.8
Spellcasting   | 3 4 5 6 7 9 10 11 12 | 12.2
Fire Magic     | 4 5 7 8 10 11 12 13 | 13.1
Fighting       | 1 3 6 7 9 |  9.5
Shields        | 1 3 4 |  4.6
Dodging        | 4 6 8 9 |  9.9
Stealth        | |  2.6

Action                   |  1- 3 |  4- 6 |  7- 9 | 10-12 | 13-15 || total
-------------------------+-------+-------+-------+-------+-------++-------
Melee: Unarmed           |     9 |       |       |       |       ||     9
       Constrict         |    13 |    12 |     9 |    10 |    23 ||    67
       Tentacles         |     9 |     5 |     4 |    16 |    34 ||    68
       Dagger            |    25 |    34 |    33 |    59 |    26 ||   177
       Staff             |       |       |       |     4 |    16 ||    20
       Whip              |       |       |       |       |   139 ||   139
 Cast: Flame Tongue      |    54 |   122 |   226 |   330 |   441 ||  1173
       Throw Flame       |       |     3 |    68 |   113 |   142 ||   326
       Sticky Flame      |       |       |     8 |    63 |   130 ||   201
       Fireball          |       |       |     9 |    45 |    90 ||   144
       Conjure Flame     |       |       |     2 |    10 |     9 ||    21
       Orb of Destructio |       |       |       |       |     2 ||     2
Evoke: Wand              |       |       |       |       |     1 ||     1
  Use: Scroll            |       |       |       |    22 |     9 ||    31
       Potion            |       |       |       |     3 |     1 ||     4
 Stab: Sleeping          |       |     1 |       |     1 |       ||     2
       Petrifying        |       |       |       |     2 |       ||     2
  Eat: Chunk             |     3 |     9 |    17 |    32 |    28 ||    89
       Meat ration       |       |       |     1 |     1 |     4 ||     6
       Royal jelly       |       |       |       |     1 |     1 ||     2
Armor: Skin              |     4 |     4 |     2 |     1 |     6 ||    17
Dodge: Dodged            |    44 |    62 |    66 |   103 |   189 ||   464
Block: Other             |       |       |       |    27 |       ||    27
       Buckler           |       |       |       |    22 |   170 ||   192
       Reflection        |       |       |       |       |     6 ||     6
